Map: Dusk Towers

Players

llllllllllll - Winner!

  • Race: Terran Terran
  • League: Diamond

MorN

  • Race: Terran Terran
  • League: Diamond

VOD

Have the link to the VOD?

Description

Time

  • Played on: Nov. 13, 2015, 9:57 p.m.
  • Length: 5:53
Show
View Real Time Build Order
Export as new Build Order

llllllllllll Terran - Winner!

Build Orders:  

Get SALT Encoding   

  12  0:01  SCV  
  13  0:13  SCV  
  14  0:18  Supply Depot  
  14  0:25  SCV  
  15  0:39  SCV  
  15  0:40  Barracks  
  16  0:51  SCV  
  17  1:04  Barracks  
  17  1:06  SCV  
  18  1:14  Supply Depot  
  18  1:18  SCV  
  19  1:27  Marine  
  19  1:31  Barracks  
  21  1:45  Marine  
  21  1:55  Marine  
  22  2:03  Marine  
  22  2:04  Barracks  
  23  2:16  Marine  
  23  2:19  Barracks  
  23  2:20  Orbital Command  
  23  2:21  Marine x2  
  25  2:51  Marine x3  
  25  2:55  Marine  
  29  2:59  Barracks  
  29  3:09  Marine x2  
  31  3:22  Marine  
  31  3:31  Supply Depot  
  31  3:37  Marine x2  
  31  3:44  Marine  
  31  3:46  Marine  
  31  3:48  Marine  
  31  3:52  Marine  
  31  3:55  Marine x2  
  33  4:02  Marine  
  35  4:03  Marine  
  35  4:06  Marine  
  37  4:10  Marine  
  37  4:12  Marine  
  37  4:13  Marine  
  39  4:19  Marine  
  39  4:24  Marine x2  
  39  4:36  Marine x2  
  39  4:37  Marine x2  
  42  4:41  Marine  
  40  4:52  Marine  
  37  4:54  Marine x3  
  37  5:04  Marine x2  
  36  5:09  Marine  
  36  5:12  Marine x2  
  39  5:16  Marine  
  39  5:22  Marine x2  
  39  5:27  Marine  
  42  5:30  Marine x2  
  42  5:33  Marine  
Show
View Real Time Build Order
Export as new Build Order

MorN Terran 

Build Orders: 1/1/1 

Get SALT Encoding   

  12  0:00  SCV  
  13  0:13  SCV  
  14  0:18  Supply Depot  
  14  0:25  SCV  
  15  0:28  Refinery  
  15  0:41  Barracks  
  15  0:44  SCV  
  16  0:58  SCV  
  17  1:08  Refinery  
  17  1:11  SCV  
  18  1:30  Reaper  
  19  1:42  Factory  
  19  1:44  Orbital Command  
  19  1:57  Supply Depot  
  19  2:02  Reaper  
  20  2:10  SCV  
  21  2:22  SCV  
  22  2:23  Supply Depot  
  22  2:26  Starport  
  22  2:37  Hellion  
  24  2:47  SCV  
  24  2:48  Reaper  
  25  2:58  Hellion  
  27  2:59  SCV, Armory  
  27  3:05  Medivac  
  29  3:19  Hellion  
  31  3:22  Reaper  
  32  3:31  SCV  
  32  3:33  Supply Depot  
  33  3:41  Hellion  
  33  3:50  Viking  
  33  3:51  SCV  
  37  4:02  Hellion  
  36  4:13  Supply Depot  
  28  4:33  Hellion  
  17  4:49  SCV  
  17  4:51  Reaper  
  16  4:54  Hellion  
  16  4:57  Medivac  
  20  5:03  SCV  
  21  5:15  SCV  
  21  5:16  Hellion  
  24  5:25  Command Center  
  24  5:27  SCV  
  25  5:30  Barracks Reactor  
Tags
 
Matchup
TvT
Opening
1/1/1
Race
Terran
Replay Pack
MorN pack 1
Add a new tag
Caveats
  • Supply blocks, unpowered buildings, or Contaminate may cause inaccurate times.
  • Supply counts are checked every 10 seconds.